Map: Lightshade LE

Players

FrostDog

  • Race: Terran Terran
  • League: Diamond
  • Spawn Location: 5:00

Pumba - Winner!

  • Race: Zerg Zerg
  • League: Diamond
  • Spawn Location: 11:00

VOD

Have the link to the VOD?

Description

Time

  • Played on: Aug. 24, 2021, 8:42 p.m.
  • Length: 19:19
Show
View Real Time Build Order
Export as new Build Order

FrostDog Terran 

Build Orders: Reaper Expand 

Get SALT Encoding   

  12  0:00  SCV  
  13  0:13  SCV  
  14  0:17  Supply Depot  
  14  0:25  SCV  
  15  0:38  SCV  
  15  0:40  Barracks  
  16  0:43  Refinery  
  16  0:50  SCV  
  17  1:02  SCV  
  18  1:14  SCV  
  19  1:27  Reaper, Orbital Command  
  20  1:40  Command Center  
  20  1:52  SCV  
  21  2:00  Marine  
  22  2:03  Supply Depot  
  22  2:04  SCV  
  23  2:15  Bunker  
  23  2:25  SCV  
  23  2:26  Refinery  
  23  2:27  Factory  
  24  2:31  Barracks Reactor  
  24  2:37  SCV  
  25  2:49  SCV  
  26  2:53  Orbital Command  
  26  3:01  SCV  
  27  3:13  SCV  
  28  3:23  Engineering Bay  
  28  3:24  SCV, Armory  
  28  3:25  SCV  
  30  3:28  Widow Mine x2  
  34  3:36  SCV  
  34  3:37  SCV  
  36  3:44  Marine  
  36  3:48  SCV  
  37  3:49  SCV, Widow Mine x2, Starport  
  42  4:00  SCV, Missile Turret  
  42  4:02  SCV  
  44  4:03  Supply Depot x2  
  44  4:09  Missile Turret  
  44  4:11  Widow Mine  
  46  4:25  SCV x2, Widow Mine  
  46  4:28  Supply Depot  
  50  4:32  Fusion Core, Starport Reactor  
  50  4:33  Starport Tech Lab  
  50  4:36  Widow Mine  
  50  4:37  SCV x2  
  54  4:39  Supply Depot  
  54  4:46  Widow Mine  
  54  4:49  SCV x2  
  58  4:53  Supply Depot  
  58  4:57  Widow Mine  
  60  5:01  SCV x2  
  60  5:03  Command Center  
  62  5:08  Refinery  
  62  5:13  Refinery, SCV  
  63  5:15  SCV  
  63  5:18  Missile Turret  
  63  5:20  Missile Turret  
  64  5:24  Widow Mine x2  
  64  5:25  SCV  
  69  5:28  SCV  
  69  5:32  Factory  
  70  5:37  SCV  
  70  5:40  SCV, Factory  
  72  5:45  Supply Depot  
  72  5:49  SCV  
  71  5:52  SCV  
  68  6:07  Widow Mine x2  
  68  6:08  Barracks Tech Lab  
  72  6:18  Missile Turret x2  
  72  6:20  Supply Depot  
  72  6:28  Battlecruiser, Widow Mine x2  
  72  6:32  SCV x2  
  84  6:41  Factory Tech Lab  
  84  6:43  Armory  
  84  6:44  SCV x2  
  86  6:52  Command Center  
  86  6:56  SCV  
  86  6:57  SCV  
  83  7:07  Hellion x2  
  86  7:09  SCV  
  86  7:13  SCV  
  88  7:15  Supply Depot  
  88  7:18  Drilling Claws  
  88  7:20  Orbital Command  
  88  7:21  SCV  
  89  7:23  Terran Vehicle And Ship Armor Level 1  
  89  7:25  SCV  
  90  7:33  SCV  
  90  7:36  Infernal Pre-Igniter  
  92  7:37  SCV  
  92  7:42  Thor  
  102  7:44  Hellion x2  
  102  7:45  SCV  
  99  7:52  Thor  
  105  8:04  Orbital Command  
  107  8:05  Widow Mine  
  101  8:18  SCV x2  
  103  8:25  Refinery  
  103  8:30  Missile Turret  
  103  8:31  Missile Turret  
  102  8:35  Widow Mine x3  
  102  8:36  Widow Mine  
  110  8:48  Command Center, Factory  
  101  8:50  Factory  
  91  8:56  Widow Mine x3  
  91  8:57  Widow Mine  
  92  9:07  SCV x2  
  94  9:10  SCV  
  94  9:16  Terran Vehicle Weapons Level 1  
  95  9:18  Supply Depot  
  95  9:19  Supply Depot, SCV x2  
  95  9:23  SCV  
  99  9:31  SCV x2  
  99  9:32  Terran Vehicle And Ship Armor Level 2  
  99  9:34  Refinery  
  99  9:36  Factory Tech Lab, Factory Reactor  
  100  9:39  Missile Turret  
  100  9:40  SCV, Missile Turret  
  100  9:43  SCV x2  
  103  9:47  Thor  
  103  9:50  Hellion x3  
  115  10:02  SCV x3  
  115  10:06  Missile Turret  
  118  10:07  Missile Turret x2  
  118  10:12  Thor, Widow Mine  
  118  10:13  Planetary Fortress  
  122  10:14  SCV x2  
  122  10:15  SCV  
  125  10:26  SCV x2  
  125  10:27  SCV  
  128  10:32  Widow Mine x2  
  132  10:38  SCV  
  132  10:39  SCV x2  
  135  10:43  Missile Turret  
  135  10:44  Missile Turret  
  135  10:48  Widow Mine x3  
  135  10:49  Widow Mine  
  143  10:54  Thor  
  147  10:59  Missile Turret  
  147  11:43  Refinery  
  147  11:44  Refinery  
  147  11:45  Missile Turret x2, Widow Mine  
  147  11:46  Missile Turret  
  147  11:47  Widow Mine  
  147  11:48  Missile Turret x3  
  147  11:49  Widow Mine  
  147  11:50  Missile Turret x2  
  147  11:52  Widow Mine  
  147  11:53  Widow Mine  
  145  12:03  Thor  
  138  12:10  SCV  
  138  12:11  Widow Mine  
  138  12:12  Widow Mine x2  
  138  12:14  Widow Mine  
  118  12:34  Hellion  
  118  12:36  Widow Mine  
  91  12:46  Widow Mine  
Show
View Real Time Build Order
Export as new Build Order

Pumba Zerg - Winner!

Build Orders: Pool First 

Get SALT Encoding   

  12  0:01  Drone  
  13  0:13  Overlord  
  13  0:18  Drone  
  14  0:32  Drone x2  
  16  0:40  Drone  
  17  0:45  Extractor  
  17  0:47  Spawning Pool  
  15  0:50  Drone  
  15  0:56  Drone  
  17  1:07  Drone  
  18  1:19  Hatchery  
  18  1:25  Drone  
  18  1:34  Queen  
  18  1:36  Zergling x2  
  21  1:49  Overlord  
  21  1:50  Metabolic Boost  
  21  1:54  Drone  
  22  2:08  Drone  
  23  2:09  Queen  
  25  2:25  Drone  
  26  2:30  Drone  
  26  2:31  Lair  
  26  2:35  Extractor  
  26  2:36  Drone  
  27  2:40  Drone  
  28  2:45  Drone x3  
  28  2:48  Drone x2  
  33  2:57  Overlord  
  33  3:00  Drone  
  33  3:04  Zergling x2  
  35  3:12  Zergling x2  
  36  3:15  Overlord  
  36  3:20  Drone x5  
  36  3:22  Drone  
  42  3:31  Spire  
  41  3:35  Drone x2  
  43  3:45  Overlord  
  43  3:53  Drone x8  
  51  4:04  Hatchery  
  51  4:09  Extractor x2  
  48  4:17  Drone x3  
  48  4:24  Queen  
  51  4:25  Queen  
  51  4:29  Overlord x2  
  55  4:40  Overlord  
  55  4:42  Zergling x2  
  56  4:53  Mutalisk x5  
  56  4:54  Mutalisk  
  68  5:11  Drone x3  
  68  5:13  Mutalisk x2  
  75  5:21  Overlord  
  75  5:23  Overlord  
  75  5:25  Drone x2  
  75  5:26  Zerg Flyer Weapons Level 1  
  77  5:31  Baneling Nest, Drone  
  77  5:35  Drone x7  
  84  5:38  Drone  
  85  6:02  Evolution Chamber  
  85  6:03  Evolution Chamber  
  85  6:04  Extractor x2  
  82  6:08  Drone x3  
  82  6:09  Drone x3  
  82  6:10  Drone x6  
  93  6:12  Overlord  
  93  6:15  Hatchery  
  92  6:20  Mutalisk x4  
  92  6:22  Mutalisk  
  102  6:27  Centrifugal Hooks  
  102  6:35  Overseer  
  100  7:16  Overlord x4  
  100  7:20  Zergling x26  
  100  7:21  Extractor  
  112  7:23  Zerg Ground Armor Level 1, Zerg Melee Weapons Level 1, Extractor  
  112  7:28  Hatchery  
  112  7:29  Mutalisk x5  
  120  7:46  Drone x2  
  120  7:47  Drone x3  
  120  7:48  Drone  
  125  7:51  Mutalisk x5  
  125  7:55  Spore Crawler, Drone  
  125  7:56  Spore Crawler  
  125  7:57  Spore Crawler  
  125  7:58  Drone  
  134  8:00  Drone x3  
  134  8:01  Drone x3  
  128  8:50  Mutalisk x9  
  128  9:03  Zerg Flyer Weapons Level 2  
  128  9:20  Extractor  
  128  9:23  Zerg Melee Weapons Level 2, Hatchery  
  128  9:24  Extractor, Zerg Ground Armor Level 2  
  126  9:25  Hatchery  
  126  9:26  Mutalisk x2  
  126  9:27  Hatchery, Mutalisk x3  
  133  9:46  Drone x3  
  133  9:49  Drone x3  
  139  10:16  Mutalisk  
  139  10:19  Overlord x5  
  141  10:23  Spore Crawler  
  141  10:25  Pneumatized Carapace  
  141  10:26  Overseer x3  
  135  10:56  Mutalisk x7  
  147  11:07  Drone x3  
  149  11:14  Roach Warren  
  149  11:15  Extractor  
  149  11:16  Hatchery  
  149  11:17  Mutalisk x16  
  178  11:19  Extractor  
  177  11:27  Zergling x20  
  177  11:30  Infestation Pit, Zerg Flyer Armor Level 1  
  174  11:52  Zergling x30  
  187  12:05  Zergling x4  
  187  12:06  Zergling x22  
  185  12:26  Overlord x2  
  185  12:27  Overlord x4  
  185  12:28  Baneling  
  185  12:29  Baneling x26  
  184  12:30  Baneling x6  
Tags
 
Add a new tag
Caveats
  • Supply blocks, unpowered buildings, or Contaminate may cause inaccurate times.
  • Supply counts are checked every 10 seconds.